 Dungeon Crawl Stone Soup version 0.18-a0-1435-gee79d65 (webtiles) character file.

194 Kidiri the Magician (level 5, 0/29 HPs)
             Began as a Deep Elf Fire Elementalist on Feb 28, 2016.
             Killed by divine providence
             ... invoked by an orc priest
              (8 damage)
             ... on level 3 of the Dungeon.
             The game lasted 00:12:24 (3056 turns).

Kidiri the Magician (Deep Elf Fire Elementalist)    Turns: 3056, Time: 00:12:24

Health: 0/29       AC:  3    Str:  5    XL:     5   Next: 44%
Magic:  8/21       EV: 14    Int: 19    God:
Gold:   96         SH:  0    Dex: 17    Spells: 4 memorised, 4 levels left

rFire  . . .     SeeInvis .     k - +1 dagger
rCold  . . .     Gourm    +     a - +0 robe
rNeg   . . .     Faith    .     (no shield)
rPois  +         Spirit   .     (no helmet)
rElec  .         Dismiss  .     n - +0 cloak
rCorr  .         Reflect  .     (no gloves)
SustAt .         Harm     .     (no boots)
MR     .....                    g - amulet of the gourmand
Stlth  +++.......               (no ring)
                                m - ring of magical power

@: very slightly contaminated, not resistant to hostile enchantments, fairly
stealthy
A: thin skeletal structure 1, blink, dopey 1, low mp 1, poison resistance
a: Blink


You were on level 3 of the Dungeon.
You were completely stuffed.

You visited 1 branch of the dungeon, and saw 3 of its levels.

You collected 96 gold pieces.

Inventory:

Hand Weapons
 k - a +1 dagger (weapon)
Armour
 a - a +0 robe (worn)
 n - a +0 cloak (worn)
Jewellery
 g - an amulet of the gourmand (around neck)
 m - a ring of magical power (left hand)
Scrolls
 i - 2 scrolls of teleportation
 o - a scroll of remove curse
 p - a scroll of recharging
Potions
 d - a potion of agility
 e - 2 potions of might
 f - 2 potions of curing
 j - a potion of magic
 l - a potion of cure mutation {unknown}
 r - a potion of heal wounds {unknown}
Books
 b - a book of Flames

   Spells                             Type                      Level
   a - Flame Tongue                   Conjuration/Fire             1
   b - Throw Flame                    Conjuration/Fire             2
   c - Conjure Flame                  Conjuration/Fire             3
   d - Inner Flame                    Hexes/Fire                   3
   e - Sticky Flame                   Conjuration/Fire             4
   f - Fireball                       Conjuration/Fire             5
Comestibles
 c - 2 bread rations
 h - a slice of pizza
 q - a meat ration
 s - 3 chunks of flesh
 u - a beef jerky


   Skills:
 + Level 1.2 Fighting
 + Level 3.9 Dodging
 + Level 3.3 Stealth
 * Level 4.6 Spellcasting
 + Level 2.1 Conjurations
 + Level 1.1 Hexes
 + Level 3.9 Fire Magic


You had 4 spell levels left.
You knew the following spells:

 Your Spells              Type           Power        Failure   Level  Hunger
a - Flame Tongue          Conj/Fire      ###..        4%          1    None
b - Throw Flame           Conj/Fire      ###...       8%          2    #......
c - Conjure Flame         Conj/Fire      ###.....     12%         3    ###....
d - Inner Flame           Hex/Fire       ##......     14%         3    ###....


Dungeon Overview and Level Annotations

Branches:
Dungeon (3/15)

Altars:
Cheibriados
Nemelex Xobeh
Yredelemnul


Innate Abilities, Weirdness & Mutations

You have a somewhat thin skeletal structure (Dex +2, Stealth).
You can translocate small distances at will.
You are dopey. (Int -2)
Your magical capacity is low (-10% MP).
Your system is resistant to poisons.


Message History

The orc priest shouts!
The orc wizard hits you with a dagger.
Casting: Flame Tongue
Confirm with . or Enter, or press ? or * to list all spells.
Aiming: Flame Tongue
Press: ? - help, Shift-Dir - straight line, f/p - orc wizard
Aim: an orc wizard, wielding a dagger and wearing a robe (severely wounded)
You miscast Flame Tongue.
Nothing appears to happen.
The orc wizard hits you with a dagger.
* * * LOW HITPOINT WARNING * * *
Casting: Flame Tongue
Confirm with . or Enter, or press ? or * to list all spells.
Aiming: Flame Tongue
Press: ? - help, Shift-Dir - straight line, f/p - orc wizard
Aim: an orc wizard, wielding a dagger and wearing a robe (severely wounded)
The flame tongue hits the orc wizard.
You kill the orc wizard!
The orc priest mumbles some strange prayers to Beogh against you.
Beogh smites you!
You die...

# .# # r.#
.#..#
###....##
+o.).....
#)##...#
#@##...
#.##.)#
#.##..# #+#
#.##..# #.#
#.....# #.#
####.##
##.########.#
##(..#.......#
#......#######


You could see an orc priest.

Vanquished Creatures
  2 orc wizards
  Crazy Yiuf (D:2)
  Ijyb (D:2)
  A gnoll (D:1)
  An adder (D:2)
  A worm (D:2)
  A dart slug (D:1)
  4 giant geckos
  4 orcs
  A ball python (D:1)
  2 giant cockroaches (D:1)
  3 goblins
  3 hobgoblins
  6 jackals (D:2)
  5 kobolds
  3 quokkas
  6 bats
  2 giant newts (D:1)
  8 rats
  A fungus (D:2)
56 creatures vanquished.

Notes
Turn   | Place    | Note
--------------------------------------------------------------
     0 | D:1      | Kidiri the Deep Elf Fire Elementalist began the quest for the Orb.
     0 | D:1      | Reached XP level 1. HP: 10/10 MP: 6/6
   235 | D:1      | Reached XP level 2. HP: 4/15 MP: 0/8
   239 | D:1      | Learned a level 2 spell: Throw Flame
   580 | D:1      | Found a sparkling altar of Nemelex Xobeh.
   903 | D:1      | Reached XP level 3. HP: 18/20 MP: 10/10
   908 | D:1      | Learned a level 3 spell: Conjure Flame
   912 | D:1      | Learned a level 3 spell: Inner Flame
  1547 | D:2      | Gained mutation: You have a somewhat thin skeletal structure (Dex +2, Stealth). [potion of mutation]
  1547 | D:2      | Gained mutation: You are dopey. (Int -2) [potion of mutation]
  1861 | D:2      | Gained mutation: Your magical capacity is low (-10% MP). [potion of mutation]
  1861 | D:2      | Gained mutation: You can translocate small distances at will. [potion of mutation]
  1861 | D:2      | Gained mutation: Your system is resistant to poisons. [potion of mutation]
  1934 | D:2      | Found a snail-covered altar of Cheibriados.
  1964 | D:2      | Noticed Ijyb
  1974 | D:2      | Found a basalt altar of Yredelemnul.
  1984 | D:2      | Killed Ijyb
  1984 | D:2      | Reached XP level 4. HP: 21/24 MP: 10/10
  2300 | D:2      | Reached skill level 4 in Spellcasting
  2430 | D:2      | Noticed Crazy Yiuf
  2440 | D:2      | Killed Crazy Yiuf
  2440 | D:2      | Reached skill level 1 in Fighting
  2913 | D:2      | Reached skill level 1 in Hexes
  2913 | D:2      | Reached XP level 5. HP: 29/29 MP: 10/12
  3056 | D:3      | Killed from afar by an orc priest

Vault maps used:
D:1:      lightli_arrival_statue_moat, minmay_misc_feat_iff,
          nemelex_xobeh_ov_fountains_minmay
D:2:      cheibriados_altar_1, yredelemnul_altar_generic, uniq_iyjb,
          uniq_crazy_yiuf_cottage
D:3:      lemuel_coloured_pillars_altar, portal_sewer_entry_c,
          ecumenical_altar_1

Skill      XL: |  1  2  3  4 |
---------------+-------------+-----
Dodging        | 3 |  3.9
Spellcasting   | 4 |  4.6
Fighting       | 1 |  1.2
Stealth        | 3 |  3.3
Conjurations   | 2 |  2.1
Hexes          | 1 |  1.1
Fire Magic     | |  3.9

Action                   |  1- 3 |  4- 6 || total
-------------------------+-------+-------++-------
Melee: Unarmed           |     1 |       ||     1
       Dagger            |     8 |     3 ||    11
 Cast: Flame Tongue      |    51 |    43 ||    94
       Throw Flame       |    23 |    13 ||    36
  Use: Potion            |     3 |       ||     3
       Scroll            |     6 |     4 ||    10
 Stab: Sleeping          |     2 |     1 ||     3
  Eat: Chunk             |     4 |    15 ||    19
